[ AOE2 MATCH · #481664044 ]
UnrankedCumans vs Huns
[ REPLAY ANALYSIS · EXTRACTED FROM THE RECORDED GAME ]
Feudal
18:12
Castle
30:39
Imperial
43:47
| APM avg | 17.0 |
| APM peak | 44 |
| eAPM avg | 9.6 |
| Villagers / military | 86 / 49 |
Focus
⚔️ 22.0% · 🌾 78.0%
Fishing Ship ×19 · Kipchak ×15 · Spearman ×13 · Trebuchet (Packed) ×9 · Scout Cavalry ×7 · Fire Galley ×5
Feudal
14:18
Castle
28:20
Imperial
46:40
| APM avg | 45.0 |
| APM peak | 92 |
| eAPM avg | 14.9 |
| Villagers / military | 143 / 104 |
Focus
⚔️ 26.8% · 🌾 73.2%
Cavalry Archer ×31 · Knight ×29 · Fishing Ship ×22 · Spearman ×15 · Scout Cavalry ×11 · Battering Ram ×7
Feudal
13:22
Castle
23:14
Imperial
37:32
| APM avg | 15.1 |
| APM peak | 35 |
| eAPM avg | 10.6 |
| Villagers / military | 75 / 115 |
Focus
⚔️ 29.8% · 🌾 70.2%
Spearman ×72 · Cataphract ×25 · Fishing Ship ×12 · Galley ×12 · Skirmisher ×4 · Unknown (2626) ×4
Feudal
15:59
Castle
24:54
Imperial
32:22
| APM avg | 23.0 |
| APM peak | 68 |
| eAPM avg | 14.4 |
| Villagers / military | 113 / 31 |
Focus
⚔️ 24.1% · 🌾 75.9%
Fishing Ship ×42 · Unknown (2626) ×23 · Konnik ×21 · Cannon Galleon ×5 · Demolition Raft ×3 · Monk ×2
Match map
Initial resources + every placement click. Lines = walls · curves = elevation contours. ◆ gold · ⬟ stone · ● berries · ✦ relic · ◌ wall gap
Your base· Open — 10t gap
cpt_kernel's base· Open — 8t gap
Two-Mishandled_Swordsmen's base· Open — unwalled flank
Gnow_hf's base· Open — 12t gap
Smoothed initial terrain · ◌ = detected wall gap · hover for details
Inputs per minute
— 005bond005 - - cpt_kernel
Build order — 005bond005
First 150 of 202 actions detected
| 1:15 | Build | Town Center |
| 2:04 | Build | House |
| 2:09 | Build | House |
| 2:15 | Build | House |
| 2:47 | Build | Lumber Camp |
| 3:24 | Create | Villager (Male) ×4 |
| 4:53 | Create | Villager (Male) |
| 5:20 | Research | Loom |
| 6:02 | Create | Villager (Male) |
| 6:02 | Create | Villager (Male) |
| 6:02 | Create | Villager (Male) |
| 7:00 | Create | Villager (Male) |
| 7:01 | Create | Villager (Male) |
| 7:01 | Create | Villager (Male) |
| 7:34 | Create | Villager (Male) |
| 7:34 | Create | Villager (Male) |
| 7:34 | Create | Villager (Male) |
| 8:37 | Build | House |
| 9:08 | Create | Villager (Male) |
| 9:08 | Create | Villager (Male) |
| 9:09 | Create | Villager (Male) |
| 9:09 | Create | Villager (Male) |
| 9:09 | Create | Villager (Male) |
| 9:09 | Create | Villager (Male) |
| 9:10 | Create | Villager (Male) |
| 9:28 | Create | Villager (Male) |
| 9:29 | Create | Villager (Male) |
| 9:29 | Create | Villager (Male) |
| 9:52 | Build | Mill |
| 10:40 | Build | Barracks |
| 11:22 | Build | Dock |
| 11:45 | Build | Dock |
| 11:52 | Create | Villager (Male) |
| 11:52 | Create | Villager (Male) |
| 11:53 | Create | Villager (Male) |
| 12:06 | Build | House |
| 12:10 | Create | Fishing Ship |
| 12:19 | Build | House |
| 12:50 | Create | Fishing Ship |
| 12:59 | Create | Fishing Ship |
| 13:18 | Create | Villager (Male) |
| 13:18 | Create | Villager (Male) |
| 13:49 | Create | Fishing Ship |
| 14:28 | Create | Fishing Ship |
| 14:28 | Create | Fishing Ship |
| 14:34 | Create | Fishing Ship |
| 14:34 | Create | Fishing Ship |
| 14:47 | Build | Mining Camp |
| 14:58 | Build | Dock |
| 15:10 | Create | Fishing Ship |
| 15:27 | Build | House |
| 15:33 | Build | House |
| 15:58 | Build | Mill |
| 16:02 | Research | Feudal Age |
| 16:13 | Create | Fishing Ship |
| 16:13 | Create | Fishing Ship |
| 16:18 | Create | Fishing Ship |
| 16:18 | Create | Fishing Ship |
| 16:31 | Create | Fishing Ship |
| 17:19 | Create | Fishing Ship |
| 17:22 | Create | Fishing Ship |
| 17:32 | Create | Fishing Ship |
| 18:12 | Age | Feudal Age |
| 18:14 | Create | Spearman |
| 18:17 | Research | Wheelbarrow |
| 18:20 | Research | Double-Bit Axe |
| 18:24 | Research | Tech 906 |
| 19:06 | Create | Spearman |
| 19:06 | Create | Spearman |
| 19:28 | Build | Stable |
| 20:24 | Create | Scout Cavalry ×5 |
| 20:45 | Create | Spearman |
| 20:46 | Create | Spearman |
| 21:31 | Build | House |
| 21:36 | Build | Blacksmith |
| 22:58 | Create | Scout Cavalry |
| 22:58 | Create | Scout Cavalry |
| 23:25 | Create | Spearman |
| 23:25 | Create | Spearman |
| 23:25 | Create | Spearman |
| 23:33 | Create | Villager (Male) ×5 |
| 23:34 | Create | Villager (Male) ×5 |
| 23:37 | Research | Scale Barding Armor |
| 23:38 | Research | Forging |
| 23:42 | Build | Stable |
| 24:07 | Build | Mining Camp |
| 24:22 | Research | Horse Collar |
| 24:34 | Create | Fire Galley |
| 24:34 | Create | Fire Galley |
| 25:00 | Research | Gold Mining |
| 25:25 | Build | House |
| 25:27 | Build | House |
| 25:34 | Create | Fishing Ship |
| 25:41 | Create | Fire Galley |
| 25:50 | Build | House |
| 25:50 | Build | House |
| 26:06 | Create | Fire Galley |
| 26:28 | Build | House |
| 27:15 | Create | Fire Galley |
| 27:36 | Research | Castle Age |
| 28:15 | Research | Padded Archer Armor |
| 28:15 | Research | Fletching |
| 30:39 | Age | Castle Age |
| 30:46 | Research | Hand Cart |
| 31:16 | Build | Castle |
| 31:32 | Create | Villager (Male) ×4 |
| 31:42 | Research | Heavy Plow |
| 32:09 | Create | Spearman ×3 |
| 33:28 | Research | Pikeman (upgrade) |
| 33:32 | Build | Farm |
| 33:33 | Build | Farm |
| 33:34 | Build | Farm |
| 33:35 | Build | Farm |
| 33:35 | Build | Farm |
| 33:37 | Build | Farm |
| 33:38 | Build | Farm |
| 33:39 | Build | Farm |
| 34:08 | Create | Kipchak ×5 |
| 34:23 | Build | Farm |
| 34:50 | Build | Town Center |
| 35:12 | Create | Villager (Male) |
| 35:12 | Create | Villager (Male) |
| 35:12 | Create | Villager (Male) |
| 35:13 | Create | Villager (Male) |
| 35:42 | Research | Bow Saw |
| 36:07 | Create | Kipchak |
| 36:08 | Create | Kipchak |
| 36:15 | Create | Villager (Male) ×5 |
| 37:48 | Build | Castle |
| 38:11 | Build | Farm |
| 38:12 | Build | Farm |
| 38:14 | Build | Farm |
| 38:14 | Build | Farm |
| 38:16 | Build | Farm |
| 38:27 | Build | Town Center |
| 38:32 | Create | Villager (Male) |
| 38:32 | Create | Villager (Male) |
| 38:32 | Create | Villager (Male) |
| 38:32 | Create | Villager (Male) |
| 38:32 | Create | Villager (Male) |
| 38:36 | Create | Villager (Male) |
| 38:37 | Create | Villager (Male) |
| 38:37 | Create | Villager (Male) |
| 38:37 | Create | Villager (Male) |
| 38:37 | Create | Villager (Male) |
| 38:42 | Research | Gold Shaft Mining |
| 39:42 | Build | Farm |
| 39:43 | Build | Farm |
| 39:44 | Build | Farm |
| 39:46 | Build | Farm |
Build order — cpt_kernel
First 150 of 318 actions detected
| 0:17 | Build | Town Center |
| 2:29 | Create | Villager (Male) |
| 2:29 | Create | Villager (Male) |
| 2:30 | Create | Villager (Male) |
| 2:30 | Create | Villager (Male) |
| 4:16 | Create | Villager (Male) |
| 4:16 | Create | Villager (Male) |
| 4:16 | Create | Villager (Male) |
| 4:50 | Create | Villager (Male) |
| 4:51 | Create | Villager (Male) |
| 5:27 | Create | Villager (Male) |
| 5:53 | Create | Villager (Male) |
| 6:32 | Create | Villager (Male) |
| 6:32 | Create | Villager (Male) |
| 6:33 | Create | Villager (Male) |
| 7:04 | Create | Villager (Male) |
| 7:04 | Create | Villager (Male) |
| 7:04 | Create | Villager (Male) |
| 7:05 | Create | Villager (Male) |
| 7:05 | Create | Villager (Male) |
| 7:24 | Build | Dock |
| 8:26 | Create | Fishing Ship |
| 8:26 | Create | Fishing Ship |
| 9:02 | Create | Villager (Male) |
| 9:11 | Create | Fishing Ship |
| 9:33 | Create | Villager (Male) |
| 9:53 | Create | Fishing Ship |
| 10:00 | Create | Villager (Male) |
| 10:01 | Create | Villager (Male) |
| 10:01 | Create | Villager (Male) |
| 10:36 | Build | Mill |
| 10:38 | Create | Villager (Male) |
| 10:46 | Create | Fishing Ship |
| 11:18 | Create | Villager (Male) |
| 11:32 | Create | Villager (Male) |
| 11:35 | Create | Fishing Ship |
| 11:47 | Research | Feudal Age |
| 11:52 | Create | Fishing Ship |
| 12:17 | Build | Lumber Camp |
| 13:17 | Create | Fishing Ship |
| 14:02 | Build | Barracks |
| 14:09 | Build | Palisade Wall |
| 14:15 | Build | Palisade Wall |
| 14:18 | Age | Feudal Age |
| 14:22 | Research | Tech 906 |
| 14:24 | Create | Villager (Male) |
| 14:24 | Create | Villager (Male) |
| 14:25 | Create | Villager (Male) |
| 14:35 | Research | Double-Bit Axe |
| 14:59 | Build | Stable |
| 15:09 | Create | Villager (Male) |
| 15:15 | Create | Fishing Ship |
| 15:33 | Build | Mining Camp |
| 15:40 | Create | Scout Cavalry |
| 16:02 | Build | Blacksmith |
| 16:04 | Create | Villager (Male) |
| 16:05 | Create | Villager (Male) |
| 16:08 | Create | Fishing Ship |
| 16:08 | Create | Fishing Ship |
| 16:16 | Create | Scout Cavalry |
| 16:42 | Create | Villager (Male) |
| 16:46 | Create | Demolition Raft |
| 16:49 | Create | Fishing Ship |
| 17:10 | Create | Scout Cavalry |
| 17:13 | Create | Villager (Male) |
| 17:15 | Research | Forging |
| 17:18 | Research | Bloodlines |
| 17:29 | Build | Stable |
| 17:38 | Create | Villager (Male) |
| 17:45 | Build | Dock |
| 17:56 | Build | Outpost |
| 18:09 | Create | Villager (Male) |
| 18:10 | Create | Scout Cavalry |
| 18:22 | Create | Villager (Male) |
| 18:30 | Build | Watch Tower |
| 18:32 | Create | Villager (Male) |
| 18:47 | Create | Villager (Male) |
| 18:50 | Create | Scout Cavalry |
| 18:52 | Create | Scout Cavalry |
| 19:04 | Create | Villager (Male) |
| 19:22 | Create | Villager (Male) |
| 19:23 | Create | Villager (Male) |
| 19:43 | Build | Market |
| 19:44 | Create | Villager (Male) |
| 20:03 | Create | Villager (Male) |
| 20:06 | Create | Fire Galley |
| 20:06 | Create | Fire Galley |
| 20:32 | Create | Villager (Male) |
| 20:34 | Create | Scout Cavalry |
| 20:34 | Create | Scout Cavalry |
| 20:35 | Create | Scout Cavalry |
| 20:35 | Create | Scout Cavalry |
| 20:45 | Create | Villager (Male) |
| 21:00 | Build | Palisade Wall |
| 21:04 | Create | Villager (Male) |
| 21:04 | Create | Villager (Male) |
| 21:20 | Build | Stable |
| 21:20 | Build | Stable |
| 21:22 | Create | Villager (Male) |
| 21:22 | Create | Villager (Male) |
| 21:31 | Create | Villager (Male) |
| 21:46 | Create | Villager (Male) |
| 21:47 | Create | Villager (Male) |
| 21:50 | Create | Scout Cavalry |
| 22:19 | Create | Villager (Male) |
| 22:19 | Create | Villager (Male) |
| 22:57 | Create | Villager (Male) |
| 22:57 | Create | Villager (Male) |
| 23:21 | Create | Villager (Male) |
| 23:29 | Build | Mill |
| 23:35 | Build | Farm |
| 23:35 | Build | Farm |
| 23:35 | Build | Farm |
| 23:35 | Build | Farm |
| 23:36 | Build | Farm |
| 23:39 | Build | Farm |
| 23:39 | Build | Farm |
| 23:39 | Build | Farm |
| 23:39 | Build | Farm |
| 23:42 | Build | Fish Trap |
| 23:43 | Build | Fish Trap |
| 24:00 | Build | Farm |
| 24:03 | Build | Farm |
| 24:05 | Build | Farm |
| 24:15 | Build | Palisade Wall |
| 24:19 | Build | Palisade Gate |
| 24:20 | Create | Villager (Male) |
| 24:28 | Build | Stable |
| 24:34 | Create | Fishing Ship |
| 24:34 | Create | Fishing Ship |
| 24:34 | Create | Fishing Ship |
| 24:35 | Create | Fishing Ship |
| 24:38 | Create | Fishing Ship |
| 24:39 | Create | Fishing Ship |
| 24:39 | Create | Fishing Ship |
| 24:39 | Create | Fishing Ship |
| 24:50 | Create | Villager (Male) |
| 24:50 | Create | Villager (Male) |
| 24:54 | Build | Farm |
| 24:58 | Research | Horse Collar |
| 25:24 | Build | Farm |
| 25:25 | Build | Farm |
| 25:25 | Build | Farm |
| 25:25 | Build | Farm |
| 25:25 | Build | Farm |
| 25:31 | Research | Castle Age |
| 25:36 | Create | Fishing Ship |
| 25:43 | Build | Stable |
| 25:44 | Research | Gold Mining |
| 26:48 | Build | Dock |
Build order — Two-Mishandled_Swordsmen
First 150 of 236 actions detected
| 0:56 | Build | Town Center |
| 2:01 | Build | House |
| 2:54 | Create | Villager (Male) |
| 2:54 | Create | Villager (Male) |
| 2:54 | Create | Villager (Male) |
| 2:55 | Create | Villager (Male) |
| 2:55 | Create | Villager (Male) |
| 4:08 | Create | Villager (Male) |
| 4:43 | Build | Dock |
| 4:51 | Create | Villager (Male) |
| 5:07 | Build | House |
| 5:17 | Create | Villager (Male) |
| 5:21 | Research | Loom |
| 5:50 | Create | Villager (Male) |
| 6:36 | Create | Villager (Male) |
| 6:36 | Create | Villager (Male) |
| 6:39 | Create | Fishing Ship |
| 7:22 | Build | House |
| 7:27 | Create | Villager (Male) |
| 7:28 | Create | Villager (Male) |
| 7:28 | Create | Villager (Male) |
| 7:56 | Create | Villager (Male) |
| 7:56 | Create | Villager (Male) |
| 7:57 | Create | Villager (Male) |
| 7:57 | Create | Villager (Male) |
| 8:50 | Create | Villager (Male) |
| 8:51 | Create | Villager (Male) |
| 8:54 | Create | Fishing Ship |
| 9:17 | Build | House |
| 9:49 | Create | Fishing Ship |
| 10:17 | Create | Villager (Male) |
| 10:38 | Build | Lumber Camp |
| 10:42 | Create | Villager (Male) |
| 10:42 | Create | Villager (Male) |
| 11:09 | Research | Feudal Age |
| 11:33 | Build | Lumber Camp |
| 12:09 | Build | Lumber Camp |
| 12:41 | Create | Fishing Ship |
| 12:42 | Create | Fishing Ship |
| 12:42 | Create | Fishing Ship |
| 13:16 | Build | Barracks |
| 13:22 | Age | Feudal Age |
| 13:29 | Build | House |
| 13:37 | Build | House |
| 13:39 | Create | Villager (Male) |
| 13:39 | Create | Villager (Male) |
| 13:42 | Research | Wheelbarrow |
| 13:47 | Build | House |
| 14:01 | Build | Stone Wall |
| 14:12 | Build | Stone Wall |
| 14:17 | Create | Villager (Male) |
| 14:17 | Create | Villager (Male) |
| 14:40 | Research | Double-Bit Axe |
| 14:55 | Build | Blacksmith |
| 15:19 | Create | Villager (Male) |
| 15:19 | Create | Villager (Male) |
| 15:30 | Build | Mining Camp |
| 15:51 | Build | Mill |
| 15:58 | Create | Villager (Male) |
| 15:58 | Create | Villager (Male) |
| 16:11 | Create | Fishing Ship |
| 16:11 | Create | Fishing Ship |
| 16:16 | Research | Tech 906 |
| 16:19 | Create | Fishing Ship |
| 16:33 | Create | Villager (Male) |
| 16:33 | Create | Villager (Male) |
| 16:42 | Build | Farm |
| 17:10 | Build | Market |
| 17:16 | Create | Fishing Ship |
| 17:16 | Create | Fishing Ship |
| 17:25 | Create | Villager (Male) |
| 17:25 | Create | Villager (Male) |
| 18:02 | Build | Archery Range |
| 18:08 | Research | Gold Mining |
| 18:18 | Create | Villager (Male) |
| 18:18 | Create | Villager (Male) |
| 18:44 | Build | Farm |
| 18:46 | Research | Horse Collar |
| 18:53 | Build | Farm |
| 19:03 | Build | Farm |
| 19:09 | Build | Farm |
| 19:20 | Build | Farm |
| 19:28 | Build | Farm |
| 19:36 | Build | Farm |
| 19:39 | Create | Villager (Male) |
| 19:39 | Create | Villager (Male) |
| 19:39 | Create | Villager (Male) |
| 19:46 | Build | House |
| 19:46 | Build | House |
| 19:47 | Build | House |
| 19:47 | Build | House |
| 20:00 | Create | Skirmisher ×4 |
| 20:15 | Research | Castle Age |
| 20:30 | Create | Fishing Ship |
| 20:40 | Create | Villager (Male) |
| 20:45 | Create | Spearman ×3 |
| 21:40 | Create | Galley |
| 21:40 | Create | Galley |
| 22:35 | Build | Mining Camp |
| 22:41 | Research | Stone Mining |
| 23:05 | Create | Spearman ×5 |
| 23:14 | Age | Castle Age |
| 23:20 | Research | Scale Mail Armor |
| 23:21 | Research | Forging |
| 23:30 | Research | Squires |
| 23:31 | Research | Pikeman (upgrade) |
| 23:32 | Research | Gambesons |
| 23:53 | Create | Villager (Male) |
| 23:54 | Create | Villager (Male) |
| 23:54 | Create | Villager (Male) |
| 24:05 | Build | Barracks |
| 24:27 | Research | War Galley (upgrade) |
| 24:29 | Create | Galley |
| 24:29 | Create | Galley |
| 24:29 | Create | Galley |
| 24:48 | Research | War Galley (upgrade) |
| 24:49 | Create | Unit 2626 |
| 24:50 | Create | Unit 2626 |
| 24:50 | Create | Unit 2626 |
| 24:50 | Create | Unit 2626 |
| 25:09 | Create | Villager (Male) |
| 25:09 | Create | Villager (Male) |
| 25:09 | Create | Villager (Male) |
| 25:17 | Research | Stone Shaft Mining |
| 25:21 | Create | Villager (Male) |
| 25:21 | Create | Villager (Male) |
| 25:27 | Research | Heavy Plow |
| 25:31 | Research | Bow Saw |
| 26:04 | Create | Spearman ×5 |
| 26:09 | Create | Spearman ×5 |
| 27:44 | Build | House |
| 27:44 | Build | House |
| 27:45 | Build | House |
| 27:45 | Build | House |
| 27:45 | Build | House |
| 27:45 | Build | House |
| 27:45 | Build | House |
| 27:55 | Create | Spearman ×5 |
| 28:13 | Build | Castle |
| 28:40 | Research | Arson |
| 28:45 | Research | Chain Mail Armor |
| 28:45 | Research | Iron Casting |
| 28:48 | Research | Hand Cart |
| 29:04 | Research | Gold Shaft Mining |
| 29:07 | Create | Villager (Male) |
| 29:08 | Create | Villager (Male) |
| 29:08 | Create | Villager (Male) |
| 29:08 | Create | Villager (Male) |
| 29:57 | Build | Mining Camp |
| 30:00 | Create | Spearman |
Build order — Gnow_hf
First 150 of 307 actions detected
| 0:53 | Build | Town Center |
| 2:41 | Build | House |
| 2:42 | Build | House |
| 2:52 | Create | Villager (Male) |
| 2:52 | Create | Villager (Male) |
| 2:53 | Create | Villager (Male) |
| 2:53 | Create | Villager (Male) |
| 2:53 | Create | Villager (Male) |
| 3:36 | Build | Mill |
| 3:56 | Create | Villager (Male) |
| 4:33 | Create | Villager (Male) |
| 5:06 | Create | Villager (Male) |
| 5:06 | Create | Villager (Male) |
| 5:37 | Create | Villager (Male) |
| 5:37 | Create | Villager (Male) |
| 5:46 | Create | Villager (Male) |
| 5:46 | Create | Villager (Male) |
| 6:08 | Build | House |
| 6:10 | Build | House |
| 6:17 | Create | Villager (Male) |
| 6:49 | Create | Villager (Male) |
| 6:49 | Create | Villager (Male) |
| 7:03 | Create | Villager (Male) |
| 7:14 | Create | Villager (Male) |
| 7:14 | Create | Villager (Male) |
| 7:14 | Create | Villager (Male) |
| 7:41 | Build | Palisade Gate |
| 7:55 | Create | Villager (Male) |
| 8:27 | Build | House |
| 8:39 | Create | Villager (Male) |
| 9:05 | Build | House |
| 9:06 | Build | House |
| 9:14 | Create | Villager (Male) |
| 9:14 | Create | Villager (Male) |
| 9:41 | Build | Lumber Camp |
| 9:45 | Create | Villager (Male) |
| 9:51 | Build | House |
| 10:00 | Create | Villager (Male) |
| 10:18 | Build | Palisade Wall |
| 10:31 | Build | House |
| 10:32 | Build | House |
| 10:36 | Build | Barracks |
| 10:39 | Create | Villager (Male) |
| 11:17 | Create | Villager (Male) |
| 11:17 | Create | Villager (Male) |
| 11:30 | Build | Dock |
| 11:47 | Research | Loom |
| 12:16 | Create | Villager (Male) |
| 12:32 | Create | Fishing Ship |
| 12:33 | Create | Fishing Ship |
| 12:33 | Create | Fishing Ship |
| 12:33 | Create | Fishing Ship |
| 12:33 | Create | Fishing Ship |
| 12:47 | Create | Villager (Male) |
| 13:10 | Build | House |
| 13:18 | Build | Palisade Gate |
| 13:21 | Build | House |
| 13:24 | Create | Villager (Male) |
| 13:24 | Create | Villager (Male) |
| 13:35 | Research | Feudal Age |
| 14:35 | Create | Villager (Male) |
| 14:35 | Create | Villager (Male) |
| 14:50 | Create | Fishing Ship |
| 14:50 | Create | Fishing Ship |
| 14:51 | Create | Fishing Ship |
| 15:02 | Build | Dock |
| 15:50 | Build | Mining Camp |
| 15:59 | Age | Feudal Age |
| 16:23 | Research | Horse Collar |
| 16:26 | Research | Double-Bit Axe |
| 16:44 | Research | Tech 906 |
| 16:47 | Create | Fishing Ship |
| 16:51 | Create | Villager (Male) |
| 16:51 | Create | Villager (Male) |
| 17:14 | Create | Villager (Male) |
| 17:37 | Build | Stone Wall |
| 17:41 | Build | Gate |
| 17:45 | Create | Villager (Male) |
| 18:03 | Build | Stone Wall |
| 18:07 | Build | Gate |
| 18:16 | Create | Villager (Male) |
| 18:37 | Build | Stone Wall |
| 18:43 | Build | Gate |
| 18:49 | Create | Villager (Male) |
| 18:59 | Build | Mining Camp |
| 19:01 | Create | Villager (Male) |
| 19:10 | Research | Stone Mining |
| 19:26 | Create | Villager (Male) |
| 19:35 | Create | Fishing Ship ×5 |
| 19:39 | Create | Fishing Ship ×5 |
| 19:46 | Research | Gold Mining |
| 20:08 | Build | House |
| 20:13 | Build | House |
| 20:13 | Build | House |
| 20:17 | Create | Villager (Male) |
| 20:42 | Build | Market |
| 20:58 | Create | Villager (Male) |
| 21:08 | Build | Blacksmith |
| 21:12 | Create | Villager (Male) |
| 21:36 | Build | House |
| 21:38 | Build | House |
| 21:41 | Build | House |
| 21:47 | Build | House |
| 21:49 | Create | Villager (Male) |
| 22:04 | Build | Mining Camp |
| 22:07 | Research | Castle Age |
| 22:09 | Create | Villager (Male) |
| 22:18 | Research | Horse Collar |
| 23:07 | Create | Unit 2626 ×5 |
| 23:09 | Create | Unit 2626 ×3 |
| 23:14 | Create | Villager (Male) |
| 23:34 | Build | House |
| 23:37 | Build | House |
| 23:39 | Build | House |
| 23:57 | Build | Lumber Camp |
| 24:02 | Build | Lumber Camp |
| 24:45 | Build | House |
| 24:47 | Build | House |
| 24:50 | Build | House |
| 24:54 | Age | Castle Age |
| 24:55 | Build | House |
| 24:57 | Build | House |
| 25:06 | Build | House |
| 25:10 | Create | Villager (Male) |
| 25:21 | Build | Fish Trap |
| 25:24 | Build | Fish Trap |
| 25:29 | Build | Fish Trap |
| 25:57 | Build | Fish Trap |
| 26:01 | Build | Fish Trap |
| 26:08 | Build | Fish Trap |
| 26:17 | Research | Wheelbarrow |
| 26:17 | Research | Town Watch |
| 26:19 | Create | Villager (Male) |
| 26:19 | Create | Villager (Male) |
| 26:26 | Build | Town Center |
| 27:05 | Build | Castle |
| 27:27 | Build | Fish Trap |
| 27:35 | Build | Fish Trap |
| 28:07 | Build | Fish Trap |
| 28:17 | Build | Fish Trap |
| 28:22 | Build | Fish Trap |
| 28:26 | Build | Fish Trap |
| 28:30 | Build | Fish Trap |
| 28:50 | Build | Fish Trap |
| 28:59 | Build | Fish Trap |
| 29:09 | Research | Gillnets |
| 29:12 | Research | Imperial Age |
| 29:15 | Create | Villager (Male) |
| 29:15 | Create | Villager (Male) |
| 29:16 | Create | Villager (Male) |
Match timeline
| 4:43 | Two-Mishandled_Swordsmen · first_building Dock |
| 7:24 | cpt_kernel · first_building Dock |
| 10:18 | Gnow_hf · wall_segment Palisade Wall x3 |
| 10:36 | Gnow_hf · first_building Barracks |
| 10:40 | 005bond005 · first_building Barracks |
| 11:22 | 005bond005 · first_building Dock |
| 11:30 | Gnow_hf · first_building Dock |
| 13:16 | Two-Mishandled_Swordsmen · first_building Barracks |
| 13:22 | Two-Mishandled_Swordsmen · age_up feudal |
| 14:01 | Two-Mishandled_Swordsmen · wall_segment Stone Wall x5 |
| 14:02 | cpt_kernel · first_building Barracks |
| 14:09 | cpt_kernel · wall_segment Palisade Wall x5 |
| 14:12 | Two-Mishandled_Swordsmen · wall_segment Stone Wall x3 |
| 14:15 | cpt_kernel · wall_segment Palisade Wall x1 |
| 14:18 | cpt_kernel · age_up feudal |
| 14:59 | cpt_kernel · first_building Stable |
| 15:59 | Gnow_hf · age_up feudal |
| 17:37 | Gnow_hf · wall_segment Stone Wall x10 |
| 18:02 | Two-Mishandled_Swordsmen · first_building Archery Range |
| 18:03 | Gnow_hf · wall_segment Stone Wall x17 |
| 18:12 | 005bond005 · age_up feudal |
| 18:23 | Two-Mishandled_Swordsmen · first_market_sell 100 wood |
| 18:27 | Two-Mishandled_Swordsmen · first_market_buy 100 food |
| 18:37 | Gnow_hf · wall_segment Stone Wall x10 |
| 19:28 | 005bond005 · first_building Stable |
| 21:00 | cpt_kernel · wall_segment Palisade Wall x9 |
| 23:14 | Two-Mishandled_Swordsmen · age_up castle |
| 24:15 | cpt_kernel · wall_segment Palisade Wall x12 |
| 24:54 | Gnow_hf · age_up castle |
| 27:05 | Gnow_hf · first_building Castle |
| 28:13 | Two-Mishandled_Swordsmen · first_building Castle |
| 28:20 | cpt_kernel · age_up castle |
| 30:14 | cpt_kernel · first_building Archery Range |
| 30:39 | 005bond005 · age_up castle |
| 31:07 | Gnow_hf · first_building Monastery |
| 31:16 | 005bond005 · first_building Castle |
| 31:26 | Two-Mishandled_Swordsmen · first_building Monastery |
| 31:39 | Two-Mishandled_Swordsmen · first_building Stable |
| 32:22 | Gnow_hf · age_up imperial |
| 36:36 | Gnow_hf · wall_segment Stone Wall x14 |
| 37:21 | cpt_kernel · wall_segment Stone Wall x7 |
| 37:32 | Two-Mishandled_Swordsmen · age_up imperial |
| 37:38 | Gnow_hf · wall_segment Stone Wall x3 |
| 38:43 | cpt_kernel · first_market_sell 500 food |
| 39:02 | Gnow_hf · wall_segment Stone Wall x7 |
| 39:16 | cpt_kernel · first_building Monastery |
| 40:49 | cpt_kernel · first_building Siege Workshop |
| 43:47 | 005bond005 · age_up imperial |
| 46:00 | cpt_kernel · first_building Castle |
| 46:40 | cpt_kernel · age_up imperial |
| 47:11 | Gnow_hf · wall_segment Stone Wall x5 |
| 48:01 | 005bond005 · first_building Archery Range |
| 48:20 | 005bond005 · resign |
[ AI ANALYSIS · 1 CREDIT ]
What really happened in this match?
Wolo.gg analyzes every decision: build order, eco, micro, common mistakes by bracket. Personalized analysis on WhatsApp or Discord in 30 seconds.
Civ guide
Cumans
Perfil
Jugador #10838295